 Dungeon Crawl Stone Soup version 0.25-a0-890-g62861fb (webtiles) character file.

Game seed: 14638293270372207865, levelgen mode: deterministic

1198 BlueFish the Sneak (level 8, -9/52 HPs)
             Began as an Octopode Transmuter on May 6, 2020.
             Was a Priest of Cheibriados.
             Mangled by an orc warrior
             ... wielding a +0 dire flail
              (22 damage)
             ... on level 6 of the Dungeon.
             The game lasted 00:17:39 (5857 turns).

BlueFish the Sneak (Octopode Transmuter)            Turns: 5857, Time: 00:17:40

Health: -9/52      AC:  1    Str: 18    XL:     8   Next: 44%
Magic:  11/11      EV: 16    Int: 23    God:    Cheibriados [***...]
Gold:   268        SH:  0    Dex: 23    Spells: 1/12 levels left

rFire    . . .     SeeInvis .   r - +8 trident of the Octopus King {venom, rElec rPois MR+}
rCold    . . .     Gourm    .   (no shield)
rNeg     + . .     Faith    .   (helmet restricted)
rPois    +         Spirit   .   (no amulet)
rElec    +         Reflect  .   j - ring of wizardry
rCorr    .         Harm     .   d - +4 ring of dexterity
MR       +....                  s - ring of positive energy
Stlth    ++++......             (no ring)
HPRegen  0.17/turn              (no ring)
MPRegen  0.12/turn              (no ring)
                                (no ring)
                                (no ring)

@: very slow
A: almost no armour, stealthy swim, amphibious, 8 rings, constrict 8, camouflage
1, gelatinous body 1
a: Bend Time, Temporal Distortion, Renounce Religion


You were on level 6 of the Dungeon.
You worshipped Cheibriados.
Cheibriados was most pleased with you.
You were hungry.

You visited 2 branches of the dungeon, and saw 7 of its levels.
You also visited: Ossuary.

You collected 268 gold pieces.

Inventory:

Hand Weapons
 r - the +8 trident of the Octopus King (weapon) {venom, rElec rPois MR+}
   (You found it on level 4 of the Dungeon)

   It poisons the flesh of those it strikes.
   It insulates you from electricity.
   It protects you from poison.
   It affects your resistance to hostile enchantments.
 B - a +2 dagger of electrocution
Missiles
 a - 56 arrows
 t - 26 stones (quivered)
Jewellery
 d - a +4 ring of dexterity (right tentacle)
 j - a ring of wizardry (left tentacle)
 s - a ring of positive energy (on tentacle)
Wands
 l - a wand of digging (6)
Scrolls
 b - a scroll of fog
 f - 2 scrolls of immolation
 h - a scroll of blinking
 i - 2 scrolls of teleportation
 o - 4 scrolls of amnesia
 q - a scroll of enchant armour
 u - a scroll of magic mapping
Potions
 e - 2 potions of lignification
 g - 9 potions of curing
 k - 2 potions of resistance
 m - a potion of might
 n - 2 potions of stabbing
 p - a potion of magic
 v - 2 potions of heal wounds
 w - a potion of brilliance {unknown}
 z - a potion of berserk rage {unknown}
Comestibles
 c - 8 rations
 x - 2 chunks of flesh


   Skills:
 * Level 3.0 Fighting
 + Level 3.8 Polearms
 * Level 3.9 Dodging
 * Level 5.2 Stealth
 * Level 4.9 Unarmed Combat
 + Level 2.6 Spellcasting
 * Level 3.7 Transmutations
 * Level 2.8 Poison Magic
 * Level 2.3 Invocations


You had one spell level left.
You knew the following spells:

 Your Spells              Type           Power        Failure   Level  Hunger
a - Beastly Appendage     Tmut           ###...       1%          1    None
b - Sticks to Snakes      Tmut           ###.....     1%          2    ##.....
c - Spider Form           Tmut/Pois      ###.......   4%          3    ###....
d - Blade Hands           Tmut           ###.......   26%         5    ######.

Your spell library contained the following spells:

 Spells                   Type           Power        Failure   Level  Hunger
 Sandblast                Erth           #.....       4%          1    None
 Passwall                 Tmut/Erth      ##......     3%          2    ##.....
 Stone Arrow              Conj/Erth      #.....       16%         3    ###....
 Ice Form                 Ice/Tmut       ##......     22%         4    ####...
 Petrify                  Tmut/Erth      ##......     22%         4    ####...
 Lee's Rapid Deconstruct  Erth           #.........   77%         5    ######.


Dungeon Overview and Level Annotations

Branches:
Dungeon (6/15)             Temple (1/1) D:4         Ossuary (visited)

Altars:
Ashenzari
Cheibriados
Dithmenos
Fedhas
Gozag
Hepliaklqana
Kikubaaqudgha
Makhleb
Nemelex Xobeh
Okawaru
Ru
Sif Muna
Trog
Uskayaw
Vehumet
Wu Jian
Xom
Yredelemnul
Zin
The Shining One

Annotations:
D:2 Sigmund


Innate Abilities, Weirdness & Mutations

You cannot wear most types of armour.
You are very stealthy in the water. (Stealth+)
You are amphibious.
You can wear up to eight rings at the same time.
You can use your tentacles to constrict eight enemies at once.
Your skin changes colour to match your surroundings (Stealth+).
Your rubbery body absorbs attacks. (AC +1, EV +1)


Message History

You puncture the orc warrior!
The orc warrior is poisoned.
You grab the orc warrior.
You squeeze the orc warrior, but do no damage.
The orc warrior is moderately wounded.
You constrict the orc warrior.
The orc warrior hits you with a +0 dire flail!!
You hit the orc warrior.
The orc warrior looks as sick as possible!
You squeeze the orc warrior, but do no damage.
The orc warrior is severely wounded.
You constrict the orc warrior.
An orc wizard comes into view. It is wielding a +0 dagger.
The orc warrior hits you with a +0 dire flail!
* * * LOW HITPOINT WARNING * * *
You hit the orc warrior.
The orc warrior looks as sick as possible!
The orc warrior is almost dead.
You constrict the orc warrior, but do no damage.
The orc warrior hits you with a +0 dire flail!!
You die...

........#####.........,,***,,*,,*
....#.....##..##........,*,,**,**
....#......#..#*#.......,,,,**,,,
....#(.....#.###**,.....,,,,,,,,,
....#.[#.......# **.<...,,,*,,,,,
..####......#..# *....[.,,,*,**,,
### ##.........###......,*,,,,,,,
#....##......oo.....,,,,,,,,,
###....##.....@o#..,,,,,,,,*,,,
#.......#......##..,,,,,,,,*,,,
#..............#...,,,,,*,,,,,,
#......#...>........,,,,*,,,*,,
###..#.#............,,,,,,,,*,,
###...........#....,,,,,***,,
#...........###..***,,,,,,,
*#.............#,#***,,,,,*,
#...............,***,*,,***,


You could see an orc warrior, an orc wizard and an orc.

Vanquished Creatures
  Menkaure (Ossuary)
  A black bear (D:6)
  A centaur (D:5)
  A phantom (D:5)
  A bullfrog (D:6)
  A howler monkey (D:5)
  A crimson imp (D:5)
  5 orc priests
  2 hounds
  A jelly (D:6)
  4 orc wizards
  A bullfrog skeleton (D:5)
  Terence (D:3)
  An iguana (D:6)
  3 mummies (Ossuary)
  A worker ant zombie (D:5)
  3 adders
  5 gnolls
  A shadow imp (D:5)
  An ooze (D:3)
  3 leopard geckos
  13 orcs
  8 bats
  7 giant cockroaches
  3 gnoll zombies (Ossuary)
  7 goblins
  7 hobgoblins
  9 kobolds
  3 quokkas
  3 ball pythons
  4 frilled lizards
  3 gnoll skeletons (Ossuary)
  5 goblin skeletons (Ossuary)
  3 goblin zombies (Ossuary)
  3 hobgoblin skeletons (Ossuary)
  2 hobgoblin zombies (Ossuary)
  5 kobold skeletons (Ossuary)
  8 kobold zombies (Ossuary)
  6 orc skeletons (Ossuary)
  8 orc zombies (Ossuary)
  6 rats
  2 rat skeletons (Ossuary)
  A rat zombie (Ossuary)
155 creatures vanquished.

Vanquished Creatures (collateral kills)
  4 orcs (D:4)
  A giant cockroach (D:2)
5 creatures vanquished.

Vanquished Creatures (others)
  A goblin skeleton (Ossuary)
1 creature vanquished.

Grand Total: 161 creatures vanquished

Notes
Turn   | Place    | Note
-------+----------+-------------------------------------------
     0 | D:1      | BlueFish the Octopode Transmuter began the quest for the
                  | Orb.
     0 | D:1      | Reached XP level 1. HP: 13/13 MP: 3/3
    64 | D:1      | Reached skill level 1 in Stealth
    64 | D:1      | Reached XP level 2. HP: 17/18 MP: 3/5
   276 | D:1      | Reached XP level 3. HP: 20/23 MP: 4/6
   348 | D:1      | Learned a level 2 spell: Sticks to Snakes
   352 | D:1      | Learned a level 3 spell: Spider Form
   735 | D:2      | Reached XP level 4. HP: 9/28 MP: 5/7
  1470 | D:2      | Noticed Sigmund
  1780 | D:3      | Reached skill level 1 in Poison Magic
  1812 | D:3      | Noticed Terence
  1826 | D:3      | Killed Terence
  1826 | D:3      | Reached skill level 2 in Stealth
  1826 | D:3      | Reached XP level 5. HP: 15/33 MP: 1/8
  2849 | D:4      | Found a blossoming altar of Fedhas.
  2858 | D:4      | Found a sparkling altar of Nemelex Xobeh.
  2890 | D:4      | Found a staircase to the Ecumenical Temple.
  2898 | Temple   | Entered the Ecumenical Temple
  2915 | Temple   | Became a worshipper of Cheibriados the Contemplative
  3724 | D:4      | Found a sacrificial altar of Ru.
  3983 | D:4      | Found the +8 trident of the Octopus King {venom, rElec
                  | rPois MR+}
  3985 | D:4      | Found an opulent altar of Gozag.
  3988 | D:4      | Found a glowing golden altar of the Shining One.
  4235 | D:4      | Reached XP level 6. HP: 39/39 MP: 9/9
  4273 | D:4      | Found a radiant altar of Vehumet.
  4314 | D:5      | Entered Level 5 of the Dungeon
  4317 | D:5      | Reached skill level 3 in Stealth
  4361 | D:5      | Found a sand-covered staircase.
  4365 | Ossuary  | Entered an ossuary
  4384 | Ossuary  | Reached * piety under Cheibriados
  4458 | Ossuary  | Reached skill level 1 in Invocations
  4581 | Ossuary  | Reached ** piety under Cheibriados
  4615 | Ossuary  | Noticed Menkaure
  4621 | Ossuary  | Killed Menkaure
  4621 | Ossuary  | Reached skill level 1 in Polearms
  4621 | Ossuary  | Reached XP level 7. HP: 42/45 MP: 10/10
  5396 | D:5      | Reached skill level 4 in Stealth
  5463 | D:5      | Reached XP level 8. HP: 51/51 MP: 11/11
  5475 | D:5      | Reached *** piety under Cheibriados
  5655 | D:6      | Reached skill level 5 in Stealth
  5832 | D:6      | Learned a level 5 spell: Blade Hands
  5857 | D:6      | Mangled by an orc warrior

Levels and vault maps discovered:
D:1:      matt_arrival_diagonals, layout_basic, minmay_circled_x
D:2:      layout_loops_cross, hex_tiny, uniq_sigmund
D:3:      layout_basic, uniq_terence
D:4:      layout_basic, nicolae_overflow_hidden_temple,
          grunt_temple_overflow_open, minmay_temple_entry_purple_smoke,
          minmay_unequal
D:5:      layout_loops_ring, first_ration, lightli_ossuary_entry_decrepit_ruins,
          minmay_misc_feat_more_columns, minivault_25
D:6:      layout_cave_pools, serial_shops, shop_fountains, uniq_edmund,
          uniq_menkaure
Temple:   eino_temple_water

Skill      XL: |  1  2  3  4  5  6  7  8 |
---------------+-------------------------+-----
Stealth        | 1 2 3 4 5 |  5.2
Poison Magic   | 1 2 |  2.8
Unarmed Combat | 4 |  4.9
Transmutations | 3 |  3.7
Invocations    | 1 2 |  2.3
Fighting       | 2 3 |  3.0
Polearms       | 1 2 3 |  3.8
Dodging        | 3 |  3.9
Spellcasting   | |  2.6

Action                   |  1- 3 |  4- 6 |  7- 9 || total
-------------------------+-------+-------+-------++-------
Melee: Unarmed           |    45 |    85 |       ||   130
       Constrict         |    14 |    38 |    14 ||    66
       Kick              |    12 |    24 |       ||    36
       Tentacles         |     1 |    20 |    16 ||    37
       Punch             |     1 |     6 |     2 ||     9
       Trident           |       |    79 |    80 ||   159
 Cast: Beastly Appendage |    18 |    36 |       ||    54
       Sticks to Snakes  |       |    13 |     1 ||    14
  Use: Scroll            |       |    15 |     5 ||    20
       Potion            |       |     2 |       ||     2
 Stab: Sleeping          |     3 |    26 |     7 ||    36
  Eat: Chunk             |       |    10 |     2 ||    12
       Ration            |       |     1 |       ||     1
Armor: Skin              |     7 |     2 |     3 ||    12
Dodge: Dodged            |    34 |    50 |    40 ||   124

Table legend:
 A = Non-vault XP
 B = Vault XP
 C = Vault XP percentage of total XP
 D = Non-vault monster count
 E = Vault monster count
 F = Vault count percentage of total count
                 A         B        C        D         E       F
            +---------+---------+-------+---------+---------+-------
      Total |    1408 |     304 |  17.8 |     102 |      56 |  35.4
            +---------+---------+-------+---------+---------+-------
        D:1 |      40 |       6 |  13.0 |      16 |       4 |  20.0
        D:2 |      96 |       0 |   0.0 |      20 |       0 |   0.0
        D:3 |      28 |      30 |  51.7 |      16 |       1 |   5.9
        D:4 |     146 |       0 |   0.0 |      12 |       0 |   0.0
        D:5 |     703 |       0 |   0.0 |      26 |       0 |   0.0
        D:6 |     395 |       0 |   0.0 |      12 |       0 |   0.0
    Ossuary |       0 |     268 | 100.0 |       0 |      51 | 100.0
            +---------+---------+-------+---------+---------+-------
